 Dungeon Crawl Stone Soup version 0.28-a0-1130-gc51a68064b (webtiles) character file.

Game seed: 3544395847225499491

537 flotson the Skirmisher (level 7, -3/55 HPs)
             Began as a Formicid Abyssal Knight on Dec 12, 2021.
             Was a Believer of Lugonu.
             Slain by an orc warrior (14 damage)
             ... on level 4 of the Dungeon.
             The game lasted 00:07:12 (5611 turns).

flotson the Skirmisher (Formicid Abyssal Knight)    Turns: 5611, Time: 00:07:12

Health: -3/55      AC:  4    Str: 20    XL:     7   Next: 50%
Magic:  10/10      EV: 12    Int:  9    God:    Lugonu [**....]
Gold:   76         SH:  0    Dex: 11    Spells: 6/6 levels left

rFire   . . .      SeeInvis +   b - +2 spear (vorpal)
rCold   . . .      Faith    .   (no shield)
rNeg    . . .      Spirit   .   f - +0 leather armour
rPois   .          Reflect  .   (helmet unavailable)
rElec   .          Harm     .   i - scarf {shadows}
rCorr   .          Rampage  .   c - +0 pair of gloves
Will    .....                   (no boots)
Stlth   +.........              k - amulet of magic regeneration
HPRegen 0.18/turn               (no ring)
MPRegen 0.52/turn               (no ring)

@: no status effects
A: permanent stasis, dig shafts and tunnels, antennae 3, four strong arms
a: Dig, Shaft Self, Renounce Religion, Depart the Abyss, Bend Space


You were on level 4 of the Dungeon.
You worshipped Lugonu.
Lugonu was pleased with you.
You visited 2 branches of the dungeon, and saw 5 of its levels.
You visited the Abyss 1 time.

You collected 167 gold pieces.
You spent 91 gold pieces at shops.

Inventory:

Hand Weapons
 a - a +1 hand axe
 b - a +2 vorpal spear (weapon)
Armour
 c - a +0 pair of gloves (worn)
 f - a +0 leather armour (worn)
 i - a scarf of shadows (worn)
Jewellery
 k - an amulet of magic regeneration (around neck)
Wands
 n - a wand of charming (7)
Scrolls
 d - a scroll of enchant weapon {unknown}
 e - 2 scrolls of noise {unknown}
 g - a scroll of vulnerability {unknown}
 h - 5 scrolls of identify {unknown}
 m - a scroll of magic mapping
 o - 2 scrolls of silence {unknown}
 q - a scroll of amnesia {unknown}
 r - a scroll of blinking {unknown}
Potions
 j - a potion of heal wounds {unknown}
 l - a potion of curing
 p - 2 potions of resistance {unknown}


   Skills:
 + Level 4.9 Fighting
 + Level 3.8 Axes
 + Level 4.2 Armour
 + Level 2.9 Dodging
 + Level 4.4 Invocations


You had 6 spell levels left.
You didn't know any spells.
Your spell library was empty.

Dungeon Overview and Level Annotations

Branches:
Dungeon (4/15)             Temple (1/1) D:4

Altars:
Ashenzari
Cheibriados
Dithmenos
Elyvilon
Fedhas
Gozag
Hepliaklqana
Kikubaaqudgha
Nemelex Xobeh
Okawaru
Ru
Sif Muna
Uskayaw
Vehumet
Wu Jian
Xom
Zin
The Shining One

Shops:
D:3 [:*


Innate Abilities, Weirdness & Mutations

You cannot be hasted, slowed, berserked, paralysed or teleported.
You can dig through walls and to a lower floor.
You have a pair of large antennae on your head. (SInv)
Your four strong arms can wield two-handed weapons with a shield.


Message History

The orc warrior closely misses you.
You reach to attack!
You barely miss the orc warrior.
The orc warrior is lightly wounded.
The orc warrior completely misses you.
You reach to attack!
You barely miss the orc warrior.
The orc warrior is lightly wounded.
The orc warrior hits you from afar with a +0 glaive.
You reach to attack!
You hit the orc warrior but do no damage.
The orc warrior is lightly wounded.
The orc warrior closely misses you.
You reach to attack!
You hit the orc warrior but do no damage.
The orc warrior is lightly wounded.
The orc warrior hits you from afar with a +0 glaive!
You are too injured to fight recklessly!
You are too injured to fight recklessly!
You are too injured to fight recklessly!
You are too injured to fight recklessly!
You are too injured to fight recklessly!
You are too injured to fight recklessly!
You are too injured to fight recklessly!
Reach: b) +2 spear (vorpal)
Press: ? - help, Dir - move target, f/p - orc warrior
Aim: an orc warrior, wielding a +0 glaive and wearing a +0 plate armour (lightly wounded, about 36% to evade your +2 vorpal spear)
You reach to attack!
You barely miss the orc warrior.
The orc warrior is lightly wounded.
The orc warrior hits you from afar with a +0 glaive!
* * * LOW HITPOINT WARNING * * *
You barely miss the butterfly. You miss the butterfly.
The orc warrior hits you from afar with a +0 glaive.
* * * LOW HITPOINT WARNING * * *
You miss the butterfly. The orc warrior barely misses you.
You hit the butterfly.
You kill the butterfly!
The orc warrior misses you.
You closely miss the butterfly.
The orc warrior hits you from afar with a +0 glaive!
You die...

#### ...# ##.# ########### #.##
#.........# #..# #.#######.# ##.#
#.#(....#.# #.# #.#.##....#
###.########.#.#..>..############
..............o.@.....[).........
###.########.#.#b#.#.############
#.# #.#.....#.############ #.##
#.#.#................. #..#
#.#.###...############ ##.##
#.#.......# ##..## #.#.###...##
#.(..# #..........# #....#
###.######.#


You could see an orc warrior.

Vanquished Creatures
  A necrophage (D:3)
  An ogre (D:4)
  A hound (D:4)
  A jelly (D:4)
  2 centaur skeletons (D:4)
  An iguana (D:4)
  2 orc wizards (D:4)
  A hound skeleton (D:2)
  4 gnolls
  3 adders
  An adder skeleton (D:4)
  3 worms (D:2)
  3 dart slugs
  7 orcs
  4 bats
  9 endoplasms
  3 giant cockroaches
  4 goblins
  5 hobgoblins
  3 jackals (D:2)
  3 kobolds
  4 quokkas
  8 ball pythons
  9 frilled lizards
  3 rats (D:1)
  A spectral hobgoblin (D:1)
  A butterfly (D:4)
88 creatures vanquished.

Notes
Turn   | Place    | Note
-------+----------+-------------------------------------------
     0 | Abyss:1  | flotson the Formicid Abyssal Knight began the quest for the
                  | Orb.
     0 | Abyss:1  | Reached XP level 1. HP: 18/18 MP: 2/2
    71 | Abyss:1  | Noticed a small abomination
    73 | Abyss:1  | Noticed a freezing wraith
    83 | D:1      | Escaped the Abyss
   203 | D:1      | Reached skill level 1 in Dodging
   230 | D:1      | Reached * piety under Lugonu
   233 | D:1      | Reached XP level 2. HP: 24/24 MP: 3/3
   600 | D:1      | Found a faded altar of an unknown god.
   947 | D:1      | Reached XP level 3. HP: 29/29 MP: 4/4
  1401 | D:2      | Reached XP level 4. HP: 37/37 MP: 6/6
  2248 | D:2      | Reached ** piety under Lugonu
  2703 | D:3      | Found Iteussod's Armour Emporium.
  2716 | D:3      | Reached XP level 5. HP: 42/42 MP: 7/7
  2877 | D:3      | Found Ocrarrid's Book Shop.
  3376 | D:3      | Found Mezy's General Store.
  3384 | D:3      | Bought a potion of curing for 42 gold pieces
  3384 | D:3      | Bought a scroll of magic mapping for 49 gold pieces
  3444 | D:4      | Found a staircase to the Ecumenical Temple.
  3458 | Temple   | Entered the Ecumenical Temple
  3829 | D:4      | Reached XP level 6. HP: 31/48 MP: 8/8
  3843 | D:4      | Noticed a necrophage
  4026 | D:3      | Killed a necrophage
  4377 | D:4      | Reached XP level 7. HP: 49/55 MP: 10/10
  5350 | D:4      | Found a staircase to the Ecumenical Temple.
  5611 | D:4      | Slain by an orc warrior

Illustrated notes

Levels and vault maps discovered:
D:1:      saegor_arrival_under_anarchy, layout_basic,
          dreamdust_ecumenical_altar_drowned_temple
D:2:      layout_basic
D:3:      layout_basic, serial_shops, shop, nicolae_shop_trees, shop,
          minmay_liquid_box
D:4:      layout_basic, minmay_temple_entry_butterflies
Temple:   mainiacjoe_temple_starburst

Skill      XL: |  1  2  3  4  5  6  7 |
---------------+----------------------+-----
Dodging        | 1 2 |  2.9
Invocations    | 3 4 |  4.4
Armour         | 3 4 |  4.2
Fighting       | 4 |  4.9
Axes           | 3 |  3.8

Action                   |  1- 3 |  4- 6 |  7- 9 || total
-------------------------+-------+-------+-------++-------
Melee: Hand axe          |    75 |    94 |       ||   169
       Spear             |       |    69 |    57 ||   126
Invok: Depart the Abyss  |     1 |       |       ||     1
Armor: Leather armour    |    25 |    47 |     8 ||    80
Dodge: Dodged            |    45 |    90 |    21 ||   156

Table legend: (Time is in decaauts)
 A = Elapsed time spent in this place.
 B = Non-inter-level travel time spent in this place.
 C = Inter-level travel time spent in this place.
 D = Time resting spent in this place.
 E = Time spent auto-exploring this place.
 F = Levels seen in this place.
 G = Mean time per level.
                   A        B        C        D        E       F      G
               +--------+--------+--------+--------+--------+-----+--------+
         Total |   5647 |   5520 |    127 |    341 |   4304 |   6 |  941.2 |
       Dungeon |   5276 |   5204 |     72 |    341 |   4031 |   4 | 1319.0 |
        Temple |    287 |    232 |     55 |      0 |    224 |   1 |  287.0 |
         Abyss |     83 |     83 |      0 |      0 |     49 |   1 |   83.0 |
               +--------+--------+--------+--------+--------+-----+--------+

Top non-repeatable levels by time:
     D:4: 1503 daAuts
     D:2: 1343 daAuts
     D:1: 1297 daAuts
     D:3: 1132 daAuts
  Temple: 287 daAuts
 Abyss:1: 83 daAuts
